Map: Acid Plant LE

Players

riddle - Winner!

  • Race: Terran Terran
  • League: Master
  • Spawn Location: 5:00

Roelu

  • Race: Zerg Zerg
  • League: Diamond
  • Spawn Location: 11:00

VOD

Have the link to the VOD?

Description

Time

  • Played on: March 24, 2018, 9:25 p.m.
  • Length: 12:45
Show
View Real Time Build Order
Export as new Build Order

riddle Terran - Winner!

Build Orders: Reaper Expand, MMM Bio 

Get SALT Encoding   

  12  0:00  SCV  
  13  0:13  SCV  
  14  0:17  Supply Depot  
  14  0:25  SCV  
  15  0:38  SCV  
  15  0:40  Barracks  
  16  0:44  Refinery  
  16  0:50  SCV  
  17  1:02  SCV  
  18  1:15  SCV  
  19  1:27  Orbital Command, Reaper  
  20  1:39  Command Center  
  20  1:52  Barracks  
  20  1:55  SCV  
  20  1:59  Barracks Reactor  
  21  2:05  Supply Depot  
  21  2:09  SCV  
  21  2:13  Refinery  
  22  2:23  Factory  
  22  2:27  SCV  
  23  2:35  Marine x2  
  25  2:39  SCV  
  25  2:40  Barracks Tech Lab  
  26  2:51  SCV  
  27  2:52  Orbital Command  
  27  2:59  Stimpack  
  27  3:02  Marine  
  27  3:05  Marine  
  29  3:07  SCV  
  30  3:14  Marine  
  30  3:18  Starport  
  31  3:20  Factory Reactor  
  31  3:26  SCV  
  32  3:29  SCV  
  32  3:32  Marine x2  
  35  3:35  Marine  
  35  3:38  SCV  
  35  3:41  Supply Depot, SCV  
  38  3:50  Marine x2, SCV  
  38  3:53  SCV  
  42  4:00  Marine  
  43  4:05  Supply Depot  
  43  4:06  SCV x2  
  43  4:07  Marine  
  43  4:08  Medivac  
  43  4:09  Medivac  
  50  4:12  Marine  
  50  4:17  Bunker  
  51  4:20  Bunker  
  51  4:24  Marine  
  51  4:25  Marine, SCV  
  51  4:26  SCV  
  55  4:32  Marine  
  55  4:37  SCV  
  57  4:38  SCV  
  57  4:39  Engineering Bay  
  57  4:42  Marine, Engineering Bay  
  57  4:44  Marine  
  60  4:50  SCV x2  
  62  5:00  Combat Shields, Marine  
  62  5:02  Supply Depot  
  62  5:04  Supply Depot  
  62  5:07  Liberator  
  62  5:09  Refinery  
  62  5:10  Refinery  
  62  5:15  Terran Infantry Weapons Level 1  
  62  5:18  Supply Depot  
  62  5:19  Factory Reactor  
  62  5:24  Marine x3, SCV x2  
  70  5:30  Terran Infantry Armor Level 1  
  70  5:36  SCV x2  
  70  5:41  Marine  
  73  5:48  SCV x2  
  68  5:50  Marine  
  68  5:51  Medivac, Marine  
  72  5:58  Command Center  
  72  5:59  Marine  
  72  6:00  SCV x2  
  75  6:04  Supply Depot  
  75  6:08  Marine  
  76  6:11  Factory Reactor  
  76  6:12  SCV x2  
  76  6:16  Marine  
  76  6:17  Marine  
  80  6:21  Armory  
  80  6:23  Medivac  
  80  6:24  SCV  
  83  6:26  Marine  
  83  6:27  Supply Depot  
  83  6:28  Barracks  
  83  6:31  SCV  
  85  6:34  Barracks  
  85  6:36  SCV  
  86  6:41  Marine x2  
  86  6:43  SCV  
  86  6:44  Marine  
  90  6:59  Marine x2  
  92  7:01  Medivac x2  
  92  7:02  Marine  
  92  7:04  SCV x2  
  92  7:06  Supply Depot  
  92  7:07  Supply Depot  
  99  7:10  Orbital Command, Factory Tech Lab  
  99  7:16  SCV  
  99  7:17  Marine  
  99  7:22  Marine  
  97  7:26  Supply Depot  
  97  7:28  Terran Infantry Weapons Level 2, Terran Infantry Armor Level 2  
  97  7:29  Marine  
  97  7:30  Marine x3  
  97  7:31  Medivac, Siege Tank, Marauder  
  97  7:35  Marine  
  109  7:40  Marine  
  110  7:47  Marine x2  
  110  7:51  Marine x2  
  111  7:52  Marine  
  111  7:55  SCV  
  111  7:56  SCV  
  114  7:58  Liberator x2  
  114  8:04  Marine  
  114  8:05  Marine x3  
  116  8:08  Marine, SCV x2  
  116  8:09  Marine  
  112  8:14  Marine  
  112  8:15  Siege Tank  
  122  8:20  SCV x2  
  122  8:22  Marine x2  
  122  8:23  Marine x2  
  122  8:24  Barracks  
  122  8:26  Orbital Command, Marine, Barracks  
  129  8:28  Supply Depot  
  129  8:32  SCV  
  74  8:41  Liberator  
  130  8:46  SCV x2  
  130  8:48  Marine x3  
  111  8:49  Marine, Marauder  
  111  8:53  SCV  
  118  8:56  Supply Depot  
  118  8:57  Supply Depot, Siege Tank  
  118  8:58  SCV x2  
  118  8:59  Marine x2  
  128  9:05  SCV  
  128  9:06  Marine  
  128  9:09  Supply Depot  
  130  9:10  SCV  
  130  9:11  SCV  
  132  9:17  SCV  
  132  9:18  Barracks Tech Lab, Barracks Reactor  
  132  9:19  Supply Depot  
  132  9:23  SCV x2  
  132  9:24  Marine  
  135  9:33  Marine, Marauder  
  135  9:35  Orbital Command, SCV x2  
  135  9:38  Marine x2  
  134  9:39  Liberator  
  134  9:55  Siege Tank, Marine x2, Marauder  
  134  9:56  Medivac  
  144  10:07  SCV  
  141  10:10  Marine x5, SCV x2  
  141  10:11  Marine, Marauder  
  141  10:12  Marine x2  
  153  10:16  Marine  
  155  10:21  Supply Depot  
  155  10:22  Supply Depot  
  155  10:24  Supply Depot  
  155  10:26  Refinery  
  155  10:28  Siege Tank, Marine x3  
  159  10:31  Supply Depot  
  159  10:32  Marauder  
  159  10:33  Supply Depot x2  
  162  10:51  Medivac x2, Marine x3  
  162  10:52  Marine x4, Marauder  
  162  10:53  Marauder  
  177  10:58  Supply Depot  
  177  10:59  Supply Depot  
  177  11:01  Supply Depot  
  177  11:07  Marine  
  177  11:09  Marine  
  179  11:14  Marauder  
  179  11:15  Marauder  
  179  11:18  Marine x3  
  174  11:28  Marine  
  174  11:29  Marine x2  
  174  11:30  Marine  
  174  11:32  Medivac x2  
  170  11:33  Siege Tank, Marine  
  170  11:35  Marauder  
  170  11:36  Refinery, Marine, Marauder  
  176  11:41  Marine  
  176  11:45  Command Center  
  177  11:51  Marine x2  
  179  11:56  Marauder  
  179  11:58  Marauder  
  183  12:01  Marine x2  
  183  12:04  Marine  
  183  12:05  Siege Tank, Marine  
  183  12:06  Marine  
  191  12:18  Marauder  
  191  12:19  Marauder  
Show
View Real Time Build Order
Export as new Build Order

Roelu Zerg 

Build Orders: Hatch First 

Get SALT Encoding   

  12  0:00  Drone  
  13  0:12  Overlord  
  13  0:16  Drone  
  14  0:30  Drone x2  
  14  0:34  Drone  
  17  0:52  Hatchery  
  17  0:56  Drone  
  17  0:59  Drone  
  18  1:11  Extractor  
  17  1:14  Spawning Pool  
  17  1:17  Drone  
  17  1:20  Drone  
  18  1:27  Drone  
  19  1:40  Overlord  
  19  2:01  Zergling x4, Queen  
  19  2:04  Queen, Drone  
  26  2:10  Metabolic Boost  
  26  2:28  Hatchery  
  25  2:33  Drone  
  25  2:35  Drone  
  27  2:37  Drone  
  28  2:50  Drone  
  28  2:51  Drone, Overlord  
  30  2:54  Drone  
  30  2:57  Drone  
  32  2:59  Drone  
  32  3:01  Drone  
  34  3:06  Drone  
  35  3:16  Zergling x4  
  35  3:17  Pneumatized Carapace  
  37  3:22  Drone x4  
  41  3:41  Zergling x16  
  49  3:47  Baneling Nest  
  49  3:48  Drone  
  49  3:50  Queen, Extractor  
  49  3:51  Extractor  
  48  4:11  Drone  
  48  4:12  Overlord  
  48  4:13  Overlord  
  49  4:30  Drone, Evolution Chamber  
  49  4:31  Drone x3, Evolution Chamber  
  51  4:32  Drone  
  51  4:33  Drone  
  51  4:35  Drone x4  
  51  4:38  Baneling x6  
  57  4:41  Zergling x2  
  57  4:45  Drone x2  
  59  4:51  Zergling x6, Drone  
  64  4:56  Lair  
  64  4:57  Overlord  
  64  5:09  Drone  
  64  5:10  Overlord x2  
  64  5:11  Overlord  
  65  5:16  Zerg Ground Armor Level 1  
  53  5:48  Zergling x6  
  53  5:49  Zergling x34  
  70  6:01  Drone x2, Hydralisk Den  
  70  6:02  Drone  
  72  6:06  Baneling x3  
  72  6:15  Queen  
  74  6:19  Zerg Melee Weapons Level 1  
  74  6:21  Drone  
  74  6:22  Drone  
  74  6:23  Drone  
  77  6:28  Spore Crawler  
  77  6:32  Spore Crawler  
  75  6:37  Hydralisk x2  
  75  6:39  Baneling  
  79  6:44  Drone x2  
  79  7:03  Zergling x6  
  79  7:04  Overlord x2  
  79  7:05  Overlord  
  79  7:23  Baneling  
  79  7:24  Baneling x5  
  79  7:27  Drone x9  
  88  7:31  Centrifical Hooks  
  88  7:34  Zergling x2  
  89  7:37  Drone  
  88  7:56  Overlord  
  88  7:57  Overlord x2  
  88  7:58  Overlord  
  88  8:01  Queen  
  89  8:14  Queen, Overlord  
  89  8:15  Hydralisk x4  
  89  8:17  Zergling x4  
  89  8:18  Zergling x2  
  102  8:29  Zergling x16  
  102  8:30  Baneling x2  
  110  8:47  Drone x5  
  114  8:50  Overlord  
  114  9:02  Hatchery  
  113  9:04  Overlord  
  113  9:05  Overlord x2  
  113  9:06  Overlord  
  113  9:07  Baneling  
  113  9:08  Zerg Melee Weapons Level 2, Baneling x7  
  104  9:37  Hydralisk x8  
  119  9:47  Drone  
  119  9:48  Drone  
  119  9:50  Hatchery  
  106  10:17  Hydralisk x2  
  106  10:18  Hydralisk x9  
  128  10:33  Extractor  
  127  10:37  Drone x10  
  127  10:42  Extractor  
  136  10:48  Drone x3  
  139  10:50  Drone x3  
  139  10:51  Drone  
  139  10:52  Drone x2  
  139  10:53  Queen  
  147  10:58  Hydralisk  
  147  11:00  Zergling x6  
  127  11:29  Zergling x40  
  126  11:34  Queen  
  126  11:35  Queen x2  
  126  11:39  Infestation Pit  
  131  11:41  Drone, Extractor  
  131  11:42  Drone x2  
  133  11:49  Drone  
  133  11:50  Drone x2  
  133  11:53  Zergling x14  
  143  12:03  Baneling x8  
  143  12:06  Hydralisk x3  
Tags
 
Add a new tag
Caveats
  • Supply blocks, unpowered buildings, or Contaminate may cause inaccurate times.
  • Supply counts are checked every 10 seconds.